 Dungeon Crawl Stone Soup version 0.30-a0-591-g3c58d2bc28 (webtiles) character file.

Game seed: 6081309513927857771

406 gelatine the Chopper (level 6, 0/47 HPs)
             Began as a Demonspawn Gladiator on Jan 5, 2023.
             Was a Believer of Fedhas.
             Succumbed to a gnoll's poison
             ... on level 4 of the Dungeon.
             The game lasted 00:08:46 (2804 turns).

gelatine the Chopper (Demonspawn Gladiator)         Turns: 2804, Time: 00:08:46

Health: 0/47       AC:  9    Str: 17    XL:     6   Next: 56%
Magic:  7/7        EV: 13    Int:  9    God:    Fedhas [**....]
Gold:   176        SH:  4    Dex: 14    Spells: 5/5 levels left

rFire   + . .      SeeInvis .    a - +0 war axe
rCold   + . .      Faith    .    m - +0 buckler
rNeg    . . .      Spirit   .    i - +4 ring mail
rPois   +          Reflect  .    (helmet restricted)
rElec   +          Harm     .    (no cloak)
rCorr   +          Rampage  .    (no gloves)
Will    .....                    (no boots)
Stlth   +                        (no amulet)
HPRegen 0.27/turn                (no ring)
MPRegen 0.10/turn                (no ring)

@: brilliant, lethally poisoned (0 -> -5), resistant, hasted, very quick
A: antennae 1, repulsion field 1, powered by pain 1
a: Renounce Religion, Wall of Briars


You were on level 4 of the Dungeon.
You worshipped Fedhas.
Fedhas was pleased with you.
You visited 1 branch of the dungeon, and saw 4 of its levels.

You collected 176 gold pieces.

Inventory:

Hand Weapons
 a - a +0 war axe (weapon)
 o - the +7 sling of the Lurker {flame, Str+2}
   (You found it on level 2 of the Dungeon)

   Str:       It affects your strength (+2).
Missiles
 d - 3 throwing nets
 e - a javelin
 k - 4 silver boomerangs (quivered)
 l - 5 boomerangs
Armour
 c - a +0 helmet
 i - a +4 ring mail (worn)
 m - a +0 buckler (worn)
 u - an orb of light
Scrolls
 f - 2 scrolls of enchant armour
 h - a scroll of magic mapping
 j - a scroll of blinking
 n - 3 scrolls of fog
 p - 2 scrolls of teleportation
 t - a scroll of brand weapon {unknown}
Potions
 b - a potion of haste
 q - a potion of berserk rage
 s - a potion of attraction


   Skills:
 * Level 3.1 Fighting
 * Level 4.8 Axes
 + Level 0.4 Ranged Weapons
 + Level 2.0 Throwing
 * Level 1.7 Armour
 * Level 3.7 Dodging
 + Level 0.1 Stealth
 * Level 1.1 Shields
 * Level 1.3 Invocations


You had 5 spell levels left.
You didn't know any spells.
Your spell library contained the following spells:

 Spells                   Type           Power      Damage    Failure   Level
 Frozen Ramparts          Ice            0%         1d1       96%         3
 Portal Projectile        Hex/Tloc       0%         N/A       96%         3
 Tukima's Dance           Hex            0%         N/A       96%         3
 Ice Form                 Ice/Tmut       0%         N/A       100%        4
 Summon Ice Beast         Ice/Summ       0%         N/A       100%        4
 Blade Hands              Tmut           0%         N/A       100%        5


Dungeon Overview and Level Annotations

Branches:
Dungeon (4/15)
 Temple: D:4-7

Altars:
Fedhas
Kikubaaqudgha
Nemelex Xobeh
Wu Jian

Shops:
D:3 :

Annotations:
D:4 Sigmund


Innate Abilities, Weirdness & Mutations

You have a pair of small antennae on your head.
You are surrounded by a mild repulsion field. (EV +2)
You sometimes gain a little power by taking damage.


Message History

You hear a splash.
You hit the gnoll.
Sigmund says, "You will soon forget everything."
Sigmund hits you but does no damage. The gnoll hits you but does no damage.
You block the gnoll's attack. x2
You hit Sigmund.
Sigmund is severely wounded.
You hit the gnoll. The gnoll closely misses you.
The gnoll hits you with a +2 spear of flaming.
* * * LOW HITPOINT WARNING * * *
The gnoll burns you.
* * * LOW HITPOINT WARNING * * *
The gnoll hits you from afar with a +0 spear of venom.
* * * LOW HITPOINT WARNING * * *
Sigmund barely misses you. The gnoll barely misses you.
The gnoll closely misses you. The gnoll barely misses you.
You closely miss Sigmund.
Sigmund is severely wounded.
You closely miss the gnoll. Sigmund misses you. You block the gnoll's attack.
The gnoll misses you. The gnoll closely misses you.
You barely miss Sigmund.
Sigmund is severely wounded.
You closely miss the gnoll. The gnoll completely misses you.
The gnoll closely misses you. The gnoll hits you but does no damage.
You are lethally poisoned!
Sigmund hits you but does no damage.
It was a potion of brilliance.
You feel clever all of a sudden.
* * * LOW HITPOINT WARNING * * *
You feel very sick. You block the gnoll's attack. x3
You feel yourself speed up.
* * * LOW HITPOINT WARNING * * *
You feel sick. You block the gnoll's attack. Sigmund casts a spell at you.
You resist with some effort. The gnoll barely misses you.
You block the gnoll's attack.
You feel protected.
You die...
Fedhas appreciates your contribution to the ecosystem.

##PPP...####..~~P#
#.~~~P~......P~~P###
+..PP~P......~~)~...
#.P~P~P.....#.~♣~###
#####..PP♣~~....#~)P....
.......~.~~PP.##~.♣~P.##
......g.P~~~~.~~.~~P..#
...?..g.)P♣~P~P~~♣≈~~##
.....g@@..~♣~~~~~≈≈~.#
......###.~~♣♣~♣≈♣~÷##
..... ##P~~~♣≈≈~~P.#
.... #P.~≈♣♣♣~~#.# ...
##~~≈≈~~~~#.# ..
..~~~~~~...# #
.~~P~~.~####
..~P~~~.######
..............


You could see Sigmund and 3 gnolls.

Vanquished Creatures
  A black bear (D:4)
  A phantom (D:4)
  Jessica (D:3)
  An orc wizard (D:3)
  Robin (D:3)
  5 gnolls (D:4)
  2 adders
  A worm (D:4)
  5 orcs
  7 bats
  9 endoplasms
  A giant cockroach (D:3)
  23 goblins
  9 hobgoblins
  11 jackals
  8 kobolds
  3 quokkas
  3 ball pythons
  4 frilled lizards
  6 rats
102 creatures vanquished.

Vanquished Creatures (others)
  28 plants (D:4)
28 creatures vanquished.

Grand Total: 130 creatures vanquished

Notes
Turn   | Place    | Note
-------+----------+-------------------------------------------
     0 | D:1      | gelatine the Demonspawn Gladiator began the quest for the
                  | Orb.
     0 | D:1      | Reached XP level 1. HP: 16/16 MP: 1/1
   143 | D:1      | Gained mutation: You are surrounded by a mild repulsion
                  | field. (EV +2) [demonic ancestry]
   143 | D:1      | Reached XP level 2. HP: 22/22 MP: 2/2
   149 | D:1      | Reached skill level 3 in Axes
   417 | D:1      | Reached XP level 3. HP: 27/27 MP: 3/3
  1172 | D:2      | Identified the +7 sling of the Lurker {flame, Str+2}
  1446 | D:3      | Reached XP level 4. HP: 34/34 MP: 4/4
  1646 | D:3      | Noticed Jessica
  1655 | D:3      | Killed Jessica
  1685 | D:3      | Reached skill level 1 in Armour
  1704 | D:3      | Noticed Robin
  1710 | D:3      | Reached skill level 4 in Axes
  1710 | D:3      | Gained mutation: You sometimes gain a little power by
                  | taking damage. [demonic ancestry]
  1710 | D:3      | Reached XP level 5. HP: 39/39 MP: 5/5
  1728 | D:3      | Killed Robin
  1916 | D:3      | Found an ornate altar of the Wu Jian Council.
  1918 | D:3      | Found an ancient bone altar of Kikubaaqudgha.
  1918 | D:3      | Found a sparkling altar of Nemelex Xobeh.
  1973 | D:3      | Found Mekah's Vocational Training.
  2081 | D:3      | Found a faded altar of an unknown god.
  2089 | D:3      | Prayed at the altar of an unknown god.
  2089 | D:3      | Became a worshipper of Fedhas Madash
  2089 | D:3      | Reached * piety under Fedhas
  2505 | D:4      | Noticed a phantom
  2527 | D:4      | Killed a phantom
  2528 | D:4      | Reached skill level 1 in Invocations
  2528 | D:4      | Gained mutation: You have a pair of small antennae on your
                  | head. [demonic ancestry]
  2528 | D:4      | Reached XP level 6. HP: 45/47 MP: 6/6
  2560 | D:4      | Reached skill level 1 in Shields
  2715 | D:4      | Reached ** piety under Fedhas
  2789 | D:4      | Noticed Sigmund
  2803 | D:4      | HP: 1/47 [poisoned by a gnoll]
  2804 | D:4      | Succumbed to a gnoll's poison

Illustrated notes

Levels and vault maps discovered:
D:1:      erik_arrival_cave_to_civilisation [erik_arrival_cave_to_hall],
          layout_basic
D:2:      layout_rooms, st_stairs_6, minmay_tromino_v4_b
D:3:      kennysheep_goblin_castle, layout_basic, grunt_temple_overflow_open,
          chequers_ecumenical_altar_simple, nicolae_shop_vocational,
          uniq_jessica
D:4:      layout_basic, serial_bayou_lagoon_a, uniq_sigmund

Skill      XL: |  1  2  3  4  5  6 |
---------------+-------------------+-----
Axes           | 3 4 |  4.8
Throwing       | 2 |  2.0
Dodging        | 3 |  3.7
Armour         | 1 |  1.7
Fighting       | 3 |  3.1
Invocations    | 1 |  1.3
Shields        | 1 |  1.1
Ranged Weapons | |  0.4
Stealth        | |  0.1

Action                   |  1- 3 |  4- 6 || total
-------------------------+-------+-------++-------
Melee: War axe           |    93 |   163 ||   256
 Fire: Sling             |     9 |     2 ||    11
Throw: Boomerang         |       |     8 ||     8
  Use: Scroll            |     6 |     4 ||    10
       Potion            |       |     3 ||     3
Armor: Leather armour    |    28 |       ||    28
       Ring mail         |    31 |    84 ||   115
Dodge: Dodged            |   112 |   157 ||   269
Block: Buckler           |       |    52 ||    52

Table legend: (Time is in decaauts)
 A = Elapsed time spent in this place.
 B = Non-inter-level travel time spent in this place.
 C = Inter-level travel time spent in this place.
 D = Time resting spent in this place.
 E = Time spent auto-exploring this place.
 F = Levels seen in this place.
 G = Mean time per level.
                   A        B        C        D        E       F      G
               +--------+--------+--------+--------+--------+-----+--------+
         Total |   2909 |   2752 |    157 |      0 |   1981 |   4 |  727.2 |
       Dungeon |   2909 |   2752 |    157 |      0 |   1981 |   4 |  727.2 |
               +--------+--------+--------+--------+--------+-----+--------+

Top non-repeatable levels by time:
     D:1: 1006 daAuts
     D:3: 985 daAuts
     D:4: 504 daAuts
     D:2: 411 daAuts
